 Dungeon Crawl Stone Soup version 0.24.0-125-gc4c63601f3 (webtiles) character file.

Game seed: 6644660386934642157, levelgen mode: deterministic

112 BuffBuff the Covered (level 4, -3/41 HPs)
             Began as a Minotaur Fighter on Mar 17, 2020.
             Slain by a worm (7 damage)
             ... on level 2 of the Dungeon.
             The game lasted 00:04:55 (1645 turns).

BuffBuff the Covered (Minotaur Fighter)             Turns: 1645, Time: 00:04:57

Health: -3/41      AC:  7    Str: 22    XL:     4   Next: 63%
Magic:  3/3        EV:  7    Int:  5    God:
Gold:   84         SH:  9    Dex:  9    Spells: 3/3 levels left

rFire    . . .     SeeInvis .   a - +0 long sword
rCold    . . .     Gourm    .   c - +0 shield
rNeg     . . .     Faith    .   b - +0 scale mail
rPois    .         Spirit   .   (helmet restricted)
rElec    .         Reflect  .   (no cloak)
rCorr    .         Harm     .   (no gloves)
MR       .....                  (no boots)
Stlth    ..........             (no amulet)
HPRegen  0.13/turn              (no ring)
MPRegen  0.08/turn              (no ring)

@: no status effects
A: retaliatory headbutt, horns 2
a: no special abilities


You were on level 2 of the Dungeon.
You were hungry.

You visited 1 branch of the dungeon, and saw 3 of its levels.

You collected 84 gold pieces.

Inventory:

Hand Weapons
 a - a +0 long sword (weapon)
Armour
 b - a +0 scale mail (worn)
 c - a +0 shield (worn)
Jewellery
 o - an uncursed ring of ice {unknown}
Scrolls
 g - a scroll of identify
Potions
 d - 2 potions of might
 e - a potion of heal wounds {unknown}
 i - a potion of invisibility {unknown}
 j - 2 potions of flight
 p - a potion of curing {unknown}
Comestibles
 f - 5 rations


   Skills:
 + Level 4.5 Fighting
 + Level 3.6 Long Blades
 + Level 4.5 Armour
 + Level 4.5 Shields


You had 3 spell levels left.
You didn't know any spells.
Your spell library was empty.

Dungeon Overview and Level Annotations

Branches:
Dungeon (3/15)

Altars:
Nemelex Xobeh


Innate Abilities, Weirdness & Mutations

You reflexively headbutt those who attack you in melee.
You have a pair of horns on your head.


Message History

You climb upwards.
There is a stone staircase leading down here.
You hit the orc wizard.
The orc wizard is moderately wounded.
The orc wizard barely misses you. You block the orc wizard's attack.
You miss the orc wizard.
The orc wizard is moderately wounded.
The orc wizard closely misses you.
You riposte.
You closely miss the orc wizard.
The orc wizard is moderately wounded.
You block the worm's attack.
The orc wizard hits you with a +0 dagger.
You are feeling hungry.
You barely miss the orc wizard.
The orc wizard is moderately wounded.
The orc wizard points at you and mumbles some strange words.
The puff of frost hits you!
* * * LOW HITPOINT WARNING * * *
The worm bites you!
You die...

#..#.#######..#############
#..#.#...# #..##
####.#.#.###...#
..>............##
####.#.#.###....#
...#.#.#.# #....#
.#.#.#.#.# #..#.##
.#.#.#.#.###..#o.#
.#.#†#.#......#w@#
...#.#.........#[#########
####.#.#.................#
####'#......#.......####.#
#......#.#.##.##.##.# #.#
#......#.#.##.##.##.# #.#
#......#.#....#...#.# #.#
#......#.#........#.# #.###
#......#.#.#####..#.# #...#


You could see a worm and an orc wizard.

Vanquished Creatures
  An orc priest (D:3)
  An adder (D:2)
  2 oozes
  2 worms (D:2)
  A dart slug (D:1)
  2 leopard geckos
  4 orcs
  A ball python (D:2)
  3 giant cockroaches (D:1)
  6 goblins
  4 hobgoblins
  4 jackals
  8 kobolds
  4 bats
  A frilled lizard (D:2)
  4 rats
48 creatures vanquished.

Notes
Turn   | Place    | Note
-------+----------+-------------------------------------------
     0 | D:1      | BuffBuff the Minotaur Fighter began the quest for the Orb.
     0 | D:1      | Reached XP level 1. HP: 19/19 MP: 0/0
   111 | D:1      | Reached XP level 2. HP: 25/27 MP: 1/1
   535 | D:1      | Reached XP level 3. HP: 31/33 MP: 2/2
   720 | D:2      | Found a sparkling altar of Nemelex Xobeh.
  1594 | D:2      | Reached XP level 4. HP: 38/41 MP: 3/3
  1645 | D:2      | Slain by a worm

Levels and vault maps discovered:
D:1:      roderic_dead_forest, layout_loops_ring
D:2:      layout_basic, old_standard_altar
D:3:      layout_basic, biasface_ghost_orc_armoury, gup_sewer_entry_glass

Skill      XL: |  1  2 |
---------------+-------+-----
Fighting       | 4 |  4.5
Armour         | 4 |  4.5
Shields        | 4 |  4.5
Long Blades    | 3 |  3.6

Action                   |  1- 3 |  4- 6 || total
-------------------------+-------+-------++-------
Melee: Long sword        |    89 |    17 ||   106
       Headbutt          |    16 |     3 ||    19
  Use: Scroll            |     5 |       ||     5
  Eat: Chunk             |     2 |       ||     2
Armor: Scale mail        |    55 |    13 ||    68
Dodge: Dodged            |    35 |    14 ||    49
Block: Shield            |    50 |    18 ||    68
       Rpst.: Long sword |     8 |     2 ||    10
